cohdb
Replays
Latest Replays
All Replays
Popular Replays
Top Player Replays
Match Explorer
How It Works
Community
CoH3 Stats
Reddit
Sign in to upload your games and track your stats! →
Sign in with Steam
Match 41974106
Unlisted
Match 41974106
Overview
Messages
Build Orders
End
Construct Barracks
Selects Special Operations Battlegroup
Selects M29 Weasel Recon Vehicle
M29 Weasel Recon Vehicle
Riflemen Squad
Riflemen Squad
Grenade Package
Construct Medical Station
Infantry Support Center
Selects Raiding Flares
M1918 Browning Automatic Rifles
Riflemen Squad
Selects SSF Commando Squad
SSF Commando Squad
SSF Commando Squad
Construct Motor Pool
AI Takeover
DabHabbits
(502) Bad Gateway
0
0
Comments
sign in to comment!
No comments posted yet!